Map: Frozen Temple

Players

Killa - Winner!

  • Race: Protoss Protoss
  • League: Diamond

A.I. 1 (Medium)

  • Race: Zerg Zerg

VOD

Have the link to the VOD?

Description

Time

  • Played on: April 11, 2016, 5:44 p.m.
  • Length: 6:36
Show
View Real Time Build Order
Export as new Build Order

Killa Protoss - Winner!

Build Orders: 1 Gate Expand 

Get SALT Encoding   

  12  0:01  Probe (Chrono Boost)  
  13  0:11  Probe (Chrono Boost)  
  14  0:20  Pylon  
  14  0:27  Probe (Chrono Boost)  
  15  0:38  Probe (Chrono Boost)  
  16  0:44  Gateway  
  16  0:48  Probe (Chrono Boost)  
  17  0:59  Probe (Chrono Boost)  
  18  1:09  Probe (Chrono Boost)  
  19  1:17  Nexus  
  19  1:20  Probe (Chrono Boost)  
  19  1:25  Assimilator  
  20  1:36  Cybernetics Core  
  20  1:38  Probe (Chrono Boost)  
  21  1:50  Assimilator  
  21  1:56  Pylon  
  21  1:59  Probe (Chrono Boost)  
  22  2:06  Warp Gate (Chrono Boost)  
  22  2:09  Probe (Chrono Boost)  
  23  2:18  Adept  
  23  2:21  Probe  
  26  2:27  Probe  
  27  2:34  Probe  
  28  2:37  Robotics Facility  
  28  2:38  Probe  
  29  2:45  Adept (Chrono Boost)  
  29  2:46  Probe  
  29  2:50  Probe  
  33  2:58  Probe  
  33  3:02  Probe  
  35  3:08  Gateway  
  35  3:09  Gateway  
  35  3:16  Gateway  
  35  3:25  Warp Prism (Chrono Boost)  
  37  3:28  Adept  
  37  3:30  Probe  
  40  3:43  Gateway  
  40  3:49  Gateway  
  40  3:52  Probe x2  
  42  4:05  Adept x2  
  46  4:23  Pylon  
  46  4:25  Pylon  
  46  4:27  Pylon  
  46  4:42  Stalker  
  46  4:43  Stalker x2  
  46  4:44  Adept x3  
  56  5:04  Stalker x3  
  60  5:20  Stalker  
  60  5:21  Stalker x2  
  66  5:24  Stalker  
  68  5:39  Stalker  
  70  5:48  Pylon x2  
  70  5:53  Pylon  
  68  6:08  Adept x4  
  68  6:09  Adept x2  
  80  6:27  Stalker  
  80  6:28  Stalker x3  
  80  6:29  Stalker x2  
Show
View Real Time Build Order
Export as new Build Order

A.I. 1 (Medium) Zerg 

Build Orders: Hatch First 

Get SALT Encoding   

  12  0:01  Drone  
  13  0:12  Overlord  
  13  0:17  Drone  
  14  0:30  Drone  
  14  0:33  Drone  
  16  0:36  Drone  
  17  0:55  Hatchery  
  17  0:56  Drone  
  17  1:11  Spawning Pool  
  16  1:13  Drone  
  16  1:17  Drone  
  18  1:20  Extractor  
  18  1:22  Drone  
  18  1:28  Overlord  
  18  1:57  Zergling x4, Queen  
  18  1:59  Roach Warren  
  21  2:01  Extractor  
  21  2:03  Drone  
  21  2:07  Drone  
  22  2:13  Zergling x2  
  23  2:26  Baneling Nest  
  23  2:29  Drone  
  23  2:33  Zergling x2  
  24  2:37  Zergling x2  
  24  2:39  Zergling x2  
  26  2:56  Roach  
  28  3:01  Overlord  
  28  3:12  Roach, Drone  
  31  3:13  Extractor  
  31  3:17  Drone  
  31  3:21  Drone  
  31  3:24  Drone  
  33  3:28  Drone  
  33  3:29  Baneling, Lair  
  33  3:30  Baneling  
  34  3:50  Drone  
  34  3:53  Drone  
  36  3:59  Overlord  
  36  4:02  Drone  
  37  4:08  Roach  
  41  4:24  Roach  
  41  4:30  Overlord  
  41  4:31  Hydralisk Den  
  41  4:34  Drone  
  41  4:38  Drone  
  42  4:41  Roach, Drone  
  42  4:44  Drone  
  46  4:47  Drone  
  46  4:50  Drone  
  46  4:54  Drone  
  46  4:57  Drone  
  41  5:00  Hydralisk  
  36  5:17  Roach  
  36  5:19  Overlord  
  36  5:33  Roach  
  36  5:36  Queen  
  36  5:40  Zergling x2  
  23  5:48  Zergling x2, Drone  
  21  6:00  Drone  
  19  6:04  Roach  
  20  6:17  Drone  
  15  6:20  Drone  
  15  6:23  Drone  
Tags
 
Add a new tag
Caveats
  • Supply blocks, unpowered buildings, or Contaminate may cause inaccurate times.
  • Supply counts are checked every 10 seconds.